Map: Beckett Industries LE

Players

FunKa

  • Race: Terran Terran
  • League: Master

Blackcurrant - Winner!

  • Race: Protoss Protoss

VOD

Have the link to the VOD?

Description

Time

  • Played on: Sept. 21, 2021, 9:32 a.m.
  • Length: 16:24
Show
View Real Time Build Order
Export as new Build Order

FunKa Terran 

Build Orders: Reaper Expand 

Get SALT Encoding   

  12  0:00  SCV  
  13  0:12  SCV  
  14  0:17  Supply Depot  
  14  0:24  SCV  
  15  0:38  SCV  
  15  0:39  Barracks  
  16  0:44  Refinery  
  16  0:50  SCV  
  17  1:03  SCV  
  18  1:15  SCV  
  19  1:29  Orbital Command  
  19  1:30  Reaper  
  20  1:45  Command Center  
  20  1:57  SCV, Supply Depot  
  21  2:02  Marine  
  22  2:12  Factory  
  22  2:17  SCV  
  23  2:23  Barracks Reactor  
  23  2:32  SCV  
  24  2:44  SCV  
  25  2:56  SCV  
  26  2:59  Starport  
  26  3:00  Hellion, Marine x2  
  26  3:01  Orbital Command  
  30  3:06  Bunker  
  30  3:08  SCV  
  31  3:18  Marine x2  
  33  3:20  SCV  
  33  3:26  Hellion  
  36  3:28  SCV  
  36  3:33  SCV, Supply Depot  
  38  3:36  Marine x2  
  38  3:38  Viking  
  42  3:41  SCV  
  42  3:46  SCV  
  42  3:53  SCV  
  42  3:54  Marine x2  
  45  4:00  SCV  
  45  4:04  Supply Depot  
  45  4:05  Factory Tech Lab  
  45  4:09  SCV  
  46  4:11  Marine  
  46  4:12  SCV  
  46  4:13  Medivac  
  46  4:16  Refinery  
  50  4:17  Refinery  
  50  4:21  SCV  
  51  4:26  Marine  
  51  4:29  Marine  
  53  4:33  SCV  
  53  4:34  Supply Depot  
  53  4:37  SCV  
  55  4:44  Marine  
  55  4:45  SCV  
  57  4:51  Marine  
  57  4:52  Cyclone  
  61  4:55  Starport Tech Lab, Supply Depot x2  
  61  4:56  Barracks  
  61  4:57  Barracks  
  61  5:02  SCV  
  61  5:03  SCV  
  63  5:14  SCV  
  63  5:18  SCV  
  63  5:19  Supply Depot  
  65  5:23  Engineering Bay  
  65  5:26  SCV  
  65  5:27  Command Center  
  66  5:30  SCV  
  67  5:38  SCV  
  67  5:42  SCV  
  68  5:50  SCV  
  68  5:54  SCV  
  70  5:57  Terran Infantry Weapons Level 1  
  70  5:58  Engineering Bay, Refinery  
  70  6:02  SCV  
  70  6:03  Stimpack, Combat Shield  
  67  6:04  Marine x2  
  67  6:05  Marine x2  
  67  6:06  SCV  
  67  6:07  Factory Reactor  
  67  6:08  Starport Reactor  
  67  6:11  Missile Turret  
  72  6:14  SCV  
  72  6:15  Missile Turret  
  73  6:18  SCV  
  73  6:22  Marine x2  
  76  6:26  Terran Infantry Armor Level 1  
  76  6:27  Armory, SCV  
  76  6:30  SCV  
  76  6:31  Marine x2  
  80  6:39  SCV  
  81  6:40  Orbital Command, Marine x2  
  81  6:42  SCV  
  81  6:43  Widow Mine  
  81  6:45  Widow Mine  
  88  6:50  Missile Turret  
  88  6:51  SCV  
  89  6:54  SCV  
  89  6:55  Marine x2  
  89  6:58  Barracks  
  89  6:59  Barracks  
  91  7:02  Orbital Command, Marine x2  
  91  7:03  SCV  
  91  7:05  Widow Mine  
  91  7:06  Widow Mine  
  91  7:07  SCV  
  91  7:08  Medivac  
  101  7:13  Marine  
  101  7:15  SCV  
  103  7:19  Medivac, SCV  
  103  7:20  Marine x2  
  108  7:23  Refinery  
  108  7:26  Refinery  
  108  7:27  SCV, Supply Depot  
  108  7:29  Supply Depot  
  109  7:47  Barracks Tech Lab  
  109  7:48  Barracks Reactor, Marine x2  
  109  7:49  SCV x3  
  109  7:50  Supply Depot  
  109  7:51  Supply Depot  
  114  7:54  Terran Infantry Weapons Level 2  
  114  8:01  Marauder x2, Medivac, SCV x3  
  114  8:02  Medivac  
  125  8:11  Marine  
  126  8:13  SCV  
  126  8:15  Supply Depot  
  126  8:16  Starport, Supply Depot  
  126  8:19  Factory Reactor  
  127  8:22  Marauder, Ghost Academy  
  127  8:23  Terran Ship Weapons Level 1  
  129  8:28  SCV  
  130  8:35  Marine x2  
  130  8:36  Marauder x2, SCV  
  137  8:44  Marauder  
  137  8:45  Command Center  
  138  8:56  Viking x3  
  138  8:57  Viking  
  138  8:58  Enhanced Shockwaves  
  144  9:18  Marauder x2, Marine x2  
  144  9:20  Terran Infantry Armor Level 2  
  144  9:21  SCV  
  144  9:22  SCV  
  152  9:26  Supply Depot  
  152  9:27  Supply Depot x2  
  152  9:28  Supply Depot  
  152  9:36  Ghost  
  152  9:37  Marine  
  155  9:38  Viking  
  157  9:47  Viking x3  
  163  9:53  Supply Depot  
  163  9:55  Supply Depot  
  163  9:56  SCV  
  164  10:07  Ghost x2  
  164  10:08  Viking, Command Center  
  170  10:17  Viking  
  170  10:20  Viking x2  
  176  10:37  Planetary Fortress  
  176  10:40  Refinery x2  
  176  10:43  Missile Turret x2  
  176  10:48  Ghost  
  176  10:49  Ghost, Marine  
  183  10:50  Marauder  
  183  10:57  SCV  
  183  10:58  Missile Turret  
  183  11:00  Missile Turret  
  169  11:05  Marine  
  169  11:10  Ghost  
  170  11:17  Ghost  
  172  11:19  Ghost  
  172  11:20  Marine x2  
  172  11:25  SCV  
  175  11:27  Barracks x2  
  175  11:28  Barracks  
  173  11:34  Terran Infantry Weapons Level 3  
  173  11:38  Marine  
  173  11:39  Marauder  
  176  11:45  Command Center  
  176  11:46  Command Center  
  176  11:51  Ghost x2  
  176  11:52  Marine x3  
  183  11:56  Marine  
  183  11:57  Terran Infantry Armor Level 3  
  183  12:01  Marauder  
  186  12:15  Terran Ship Weapons Level 2  
  186  12:16  Armory  
  186  12:17  Missile Turret  
  186  12:21  Ghost x2  
  186  12:22  Marauder, Barracks Tech Lab, Marine  
  193  12:23  Barracks Tech Lab  
  193  12:28  Missile Turret  
  193  12:31  Missile Turret  
  193  12:41  Refinery x2, Viking x3  
  193  12:43  Barracks Tech Lab  
  199  12:53  Planetary Fortress  
  199  12:57  Orbital Command  
  199  13:02  Orbital Command  
  199  13:04  Ghost x3  
  199  13:05  Marauder, Marine x2  
  197  13:06  Viking  
  199  13:15  Personal Cloaking  
  199  13:23  SCV  
  200  13:41  Sensor Tower  
  200  13:45  Starport  
  200  13:46  Starport  
  200  13:49  Terran Vehicle And Ship Armor Level 1  
  188  14:00  Viking x2  
  176  14:11  Marine x10  
  182  14:18  Fusion Core  
  182  14:21  Missile Turret  
  182  14:24  Missile Turret  
  182  14:27  Missile Turret  
  182  14:28  Marine, SCV  
  182  14:29  Missile Turret, Marine  
  185  14:33  Starport Tech Lab  
  185  14:34  Starport Tech Lab, Refinery  
  185  14:39  Starport  
  185  14:40  SCV  
  185  14:42  Sensor Tower  
  185  14:43  Refinery  
  186  14:47  Viking x4  
  186  14:52  SCV  
  195  15:24  Viking x2  
  199  15:37  Missile Turret x2  
  172  15:51  Ghost x3  
  172  15:52  Marauder  
  172  15:56  Marine x4  
  172  15:57  Marine x2  
  146  15:58  SCV  
  146  16:03  Missile Turret x2  
  134  16:06  Missile Turret  
Show
View Real Time Build Order
Export as new Build Order

Blackcurrant Protoss - Winner!

Build Orders: 1 Gate Expand, Phoenix Opening, Carriers, Colossus Rush 

Get SALT Encoding   

  12  0:00  Probe  
  13  0:12  Probe  
  14  0:19  Pylon  
  14  0:24  Probe  
  15  0:37  Probe (Chrono Boost)  
  15  0:40  Gateway  
  16  0:46  Probe (Chrono Boost)  
  16  0:47  Assimilator  
  17  0:52  Probe  
  18  1:04  Probe  
  19  1:16  Probe  
  20  1:29  Cybernetics Core  
  22  1:37  Nexus  
  20  1:43  Pylon, Probe  
  21  1:52  Assimilator  
  21  1:57  Probe  
  22  2:03  Adept (Chrono Boost)  
  24  2:09  Probe  
  25  2:21  Probe  
  26  2:33  Probe  
  26  2:45  Probe  
  26  2:47  Stargate  
  26  2:49  Adept (Chrono Boost)  
  26  2:51  Probe  
  30  2:57  Probe  
  31  3:03  Probe  
  32  3:06  Shield Battery  
  32  3:09  Probe  
  33  3:15  Probe  
  33  3:16  Adept (Chrono Boost)  
  36  3:21  Probe  
  36  3:26  Robotics Facility  
  37  3:27  Probe  
  37  3:30  Pylon  
  37  3:34  Probe  
  39  3:39  Probe  
  39  3:41  Phoenix  
  42  3:46  Probe  
  39  4:03  Pylon  
  39  4:05  Probe x2  
  39  4:06  Phoenix (Chrono Boost)  
  39  4:07  Assimilator  
  43  4:10  Assimilator  
  43  4:15  Observer  
  44  4:17  Probe  
  44  4:18  Probe  
  44  4:23  Shield Battery  
  46  4:28  Phoenix (Chrono Boost)  
  46  4:29  Probe  
  49  4:33  Probe  
  50  4:41  Probe, Immortal (Chrono Boost)  
  50  4:45  Pylon, Probe  
  56  4:48  Robotics Bay  
  56  4:53  Phoenix  
  56  4:56  Probe  
  59  5:09  Probe  
  59  5:12  Pylon  
  60  5:17  Immortal (Chrono Boost)  
  60  5:18  Phoenix  
  66  5:25  Probe  
  66  5:28  Forge  
  67  5:39  Probe  
  68  5:45  Pylon  
  68  5:47  Colossus (Chrono Boost)  
  68  5:53  Phoenix  
  76  6:14  Probe  
  77  6:21  Photon Cannon  
  77  6:26  Colossus (Chrono Boost)  
  77  6:28  Nexus  
  77  6:29  Pylon  
  77  6:32  Probe, Shield Battery  
  84  6:33  Probe  
  85  6:42  Photon Cannon  
  85  6:44  Probe  
  85  6:45  Photon Cannon  
  86  6:47  Probe  
  86  6:48  Protoss Air Weapons Level 1, Shield Battery  
  86  6:51  Photon Cannon  
  87  6:57  Probe  
  88  7:02  Phoenix  
  88  7:04  Probe  
  91  7:09  Probe  
  91  7:14  Pylon  
  92  7:16  Probe  
  92  7:18  Pylon  
  93  7:23  Pylon  
  93  7:26  Probe  
  93  7:27  Pylon  
  94  7:30  Photon Cannon, Disruptor (Chrono Boost)  
  94  7:34  Photon Cannon  
  97  7:37  Shield Battery  
  97  7:46  Stargate  
  97  7:47  Fleet Beacon  
  97  7:51  Cybernetics Core  
  97  7:55  Disruptor (Chrono Boost)  
  100  8:12  Assimilator, Probe  
  101  8:14  Assimilator  
  101  8:15  Phoenix  
  103  8:21  Disruptor (Chrono Boost)  
  106  8:35  Pylon  
  104  8:45  Anion Pulse-Crystals  
  104  8:46  Pylon  
  104  8:52  Disruptor  
  107  8:57  Protoss Air Armor Level 1 (Chrono Boost)  
  105  9:09  Photon Cannon  
  105  9:11  Photon Cannon  
  105  9:12  Shield Battery  
  105  9:15  Probe x2  
  103  9:20  Photon Cannon  
  103  9:22  Photon Cannon  
  103  9:23  Photon Cannon  
  103  9:27  Photon Cannon  
  103  9:28  Photon Cannon  
  103  9:31  Carrier, Shield Battery  
  103  9:32  Carrier  
  103  9:34  Probe  
  103  9:36  Pylon  
  103  9:38  Probe x2  
  106  9:39  Pylon  
  106  9:46  Probe  
  119  10:02  Disruptor (Chrono Boost)  
  119  10:03  Protoss Air Weapons Level 2 (Chrono Boost)  
  122  10:12  Photon Cannon  
  122  10:13  Photon Cannon, Probe  
  122  10:14  Probe, Shield Battery  
  124  10:31  Carrier  
  124  10:32  Carrier  
  124  10:35  Disruptor (Chrono Boost)  
  139  10:50  Pylon  
  139  10:53  Pylon  
  139  11:08  Disruptor  
  142  11:34  Carrier (Chrono Boost)  
  142  11:36  Carrier (Chrono Boost)  
  154  11:44  Protoss Air Armor Level 2 (Chrono Boost)  
  154  11:49  Photon Cannon  
  154  11:50  Photon Cannon  
  154  11:53  Photon Cannon  
  154  11:56  Photon Cannon  
  154  11:59  Stargate  
  154  12:00  Photon Cannon  
  154  12:01  Photon Cannon  
  154  12:03  Pylon, Stargate  
  154  12:04  Pylon  
  154  12:05  Observer  
  155  12:26  Carrier  
  155  12:30  Observer x2  
  155  12:35  Pylon, Carrier  
  168  12:48  Nexus  
  168  12:49  Pylon  
  168  12:50  Protoss Air Weapons Level 3 (Chrono Boost)  
  168  12:53  Pylon  
  168  12:55  Observer  
  169  13:20  Shield Battery  
  169  13:22  Shield Battery  
  169  13:25  Photon Cannon  
  169  13:26  Photon Cannon  
  169  13:28  Observer, Photon Cannon  
  169  13:30  Photon Cannon  
  169  13:32  Carrier (Chrono Boost), Photon Cannon  
  176  13:34  Photon Cannon  
  176  13:36  Pylon  
  176  13:38  Carrier (Chrono Boost)  
  176  13:40  Shield Battery  
  182  13:42  Assimilator  
  182  13:47  Assimilator  
  182  13:53  Observer  
  182  14:00  Carrier (Chrono Boost)  
  182  14:05  Carrier (Chrono Boost)  
  188  14:30  Carrier (Chrono Boost)  
  188  14:36  Carrier  
  200  14:44  Photon Cannon  
  200  15:00  Photon Cannon  
  200  15:03  Photon Cannon  
  200  15:22  Nexus  
  200  15:23  Pylon  
  200  15:26  Pylon  
  200  15:29  Pylon  
  200  15:30  Assimilator  
  200  15:34  Assimilator  
Tags
 
Add a new tag
Caveats
  • Supply blocks, unpowered buildings, or Contaminate may cause inaccurate times.
  • Supply counts are checked every 10 seconds.